 Dungeon Crawl Stone Soup version 0.31.0-4-g52a2dc7128 (webtiles) character file.

Game seed: 3487508618501043164

2677 Legs the Basher (level 9, -13/79 HPs)
             Began as a Minotaur Berserker on Jan 22, 2024.
             Was a Priest of Trog.
             Mangled by an orc warrior
             ... wielding a +0 glaive
              (23 damage)
             ... in a bailey on Jan 23, 2024.
             The game lasted 00:23:03 (6145 turns).

Legs the Basher (Minotaur Berserker)                Turns: 6145, Time: 00:23:04

Health: -13/79     AC: 14    Str: 25    XL:     9   Next: 37%
Magic:  8/8        EV:  8    Int:  4    God:    Trog [***...]
Gold:   385        SH:  5    Dex: 11    Spells: 8/8 levels left

rFire   . . .        h - +2 club (spect)
rCold   . . .        (no shield)
rNeg    . . .        p - +0 plate armour
rPois   .            (helmet restricted)
rElec   .            (no cloak)
rCorr   .            (no gloves)
SInv    +            (no boots)
Will    .....        b - amulet of reflection Stlth
                     d - ring of see invisible
HPRegen 0.33/turn    (no ring)
MPRegen 0.11/turn

%: reflection
@: on berserk cooldown, slowed, very slow
A: horns 2, retaliatory headbutt, mutation resistance 1
a: Renounce Religion, Berserk, Trog's Hand


You were in a bailey.
You worshipped Trog.
Trog was most pleased with you.
You visited 1 branch of the dungeon, and saw 7 of its levels.
You also visited: Bailey.

You collected 385 gold pieces.

Inventory:

Hand Weapons
 h - a +2 spectral club (weapon)
 n - a +3 quarterstaff of chaos
 s - a +0 flail
 w - a +0 halberd
 C - a +0 hammer
Armour
 p - a +0 plate armour (worn)
 x - a +0 cloak
 D - a +0 crystal plate armour
Jewellery
 b - an amulet of reflection (around neck)
 d - a ring of see invisible (left hand)
 j - a ring of fire
 y - an amulet of magic regeneration
Wands
 l - a wand of light (13)
 v - a wand of mindburst (11)
Scrolls
 c - 4 scrolls of teleportation
 e - a scroll of blinking
 f - a scroll of fear
 g - 8 scrolls of identify
 i - a scroll of poison {unknown}
 k - a scroll of revelation {unknown}
 m - a scroll of silence {unknown}
 r - a scroll of enchant weapon {unknown}
 u - a scroll of torment {unknown}
 B - a scroll of butterflies {unknown}
Potions
 a - a potion of magic {unknown}
 o - a potion of haste {unknown}
 q - a potion of lignification {unknown}
 t - a potion of might {unknown}
 z - a potion of enlightenment
 A - a potion of attraction {unknown}


   Skills:
 + Level 7.1 Fighting
 + Level 9.3 Maces & Flails
 + Level 9.1 Armour
 + Level 4.2 Dodging
 + Level 1.2 Stealth
 + Level 5.0 Shields


You had 8 spell levels left.
You didn't know any spells.
Your spell library was empty.

Dungeon Overview and Level Annotations

Branches:
Dungeon (7/15)             Temple (0/1) D:6          Bailey (1/1)

Altars:
Ashenzari
Gozag
Kikubaaqudgha
Qazlal
Ru
Trog
Zin


Innate Abilities, Weirdness & Mutations

You have a pair of horns on your head.
You reflexively headbutt those who attack you in melee.
You are somewhat resistant to further mutation.


Message History

The orc hits you from afar with a +0 trident.
The orc knight hits you from afar with a +0 halberd.
As you read the scroll of teleportation, it crumbles to dust.
You feel strangely unstable. The orc hits you but does no damage.
The orc knight hits you from afar with a +0 halberd!
The orc knight barely misses you.
Your surroundings suddenly seem different.
An orc warrior comes into view. It is wielding a +0 glaive.
The orc warrior shouts!
You hear a shout!
You block the orc warrior's attack.
An orc comes into view. It is wielding a +0 spear.
The orc shouts!
The orc warrior hits you with a +0 glaive!
An orc comes into view. It is wielding a +0 halberd.
The orc warrior barely misses you. You furiously retaliate!
You headbutt the orc warrior. You closely miss the orc warrior.
The orc warrior is lightly wounded.
Your +2 spectral club hits the orc warrior.
You block the orc warrior's attack.
You closely miss the orc warrior.
The orc warrior is lightly wounded.
Your +2 spectral club hits the orc warrior.
Your skin stops crawling.
You feel less strong-willed.
The orc warrior hits you but does no damage.
You closely miss the orc warrior.
The orc warrior is lightly wounded.
Your +2 spectral club hits the orc warrior.
The orc warrior hits you with a +0 glaive!!
The orc hits you from afar with a +0 spear.
* * * LOW HITPOINT WARNING * * *
An orc comes into view. It is wielding a +0 trident.
Your +2 spectral club disappears.
The orc shouts!
The orc no longer looks unusually strong.
The orc warrior hits you from afar with a +0 glaive!
* * * LOW HITPOINT WARNING * * *
The orc closely misses you.
The orc warrior hits you from afar with a +0 glaive!!
You die...

....♣..≈≈≈≈.♣.##...
.......≈≈≈≈....#..#
......######...#.8#
...........)...#..#
...............'..#
...............)o.#
.............).#oo#
......######...#.8#
....♣..≈≈≈≈....#@.#
...♣♣..≈≈≈≈...##.....o..
##.....≈≈≈≈..o#.........
..≈≈≈≈≈oo#..#######
...≈≈≈≈oo####
♣..≈≈≈≈≈..♣ ♣♣..≈≈≈≈≈.♣
♣♣♣♣≈≈≈≈≈♣ ♣≈≈≈≈≈♣


You could see an orc warrior (strong) and 3 orcs.

Vanquished Creatures
  Grinder (D:4)
  A shadow (D:6)
  Eustachio (D:5)
  A steam dragon (D:7)
  2 water moccasins (D:6)
  Duvessa (D:6)
  A sky beast (D:6)
  An orc warrior (Bailey)
  2 ice beasts
  A black bear (D:4)
  An ogre (D:6)
  A bullfrog (D:7)
  4 scorpions
  Dowan (D:6)
  3 bombardier beetles
  An orc priest (D:5)
  4 hounds
  Crazy Yiuf (D:7)
  2 gnoll boudas
  A jelly (D:7)
  5 iguanas
  Jessica (D:3)
  2 orc wizards (D:5)
  A sleepcap (D:4)
  11 gnolls
  4 adders
  A shadow imp (D:7)
  A white imp (D:7)
  A dart slug (D:2)
  A ribbon worm (D:2)
  18 orcs
  5 ball pythons
  4 bats
  2 bat zombies (D:4)
  5 endoplasms
  3 giant cockroaches (D:3)
  10 hobgoblins
  4 jackals (D:4)
  3 frilled lizards
  2 frilled lizard zombies (D:4)
  7 goblins
  2 kobolds
  2 rats
126 creatures vanquished.

Notes
Turn   | Place    | Note
-------+----------+-------------------------------------------
     0 | D:1      | Legs the Minotaur Berserker began the quest for the Orb.
     0 | D:1      | Reached XP level 1. HP: 19/19 MP: 0/0
   273 | D:1      | Reached XP level 2. HP: 25/27 MP: 1/1
   970 | D:2      | Reached ** piety under Trog
  1164 | D:2      | Reached XP level 3. HP: 33/33 MP: 2/2
  1457 | D:2      | Gained mutation: You occasionally shout uncontrollably at
                  | your foes. [potion of mutation]
  1457 | D:2      | Gained mutation: You have supernaturally acute eyesight.
                  | (SInv) [potion of mutation]
  1457 | D:2      | Gained mutation: You are somewhat resistant to further
                  | mutation. [potion of mutation]
  1457 | D:2      | Gained mutation: You have sharp toenails. [potion of
                  | mutation]
  1721 | D:3      | Noticed Jessica
  1728 | D:3      | Killed Jessica
  1729 | D:3      | Reached skill level 5 in Maces & Flails
  1729 | D:3      | Reached XP level 4. HP: 29/41 MP: 3/3
  1775 | D:3      | Found a sacrificial altar of Ru.
  1879 | D:3      | Found a broken altar of Ashenzari.
  2381 | D:4      | Noticed a scorpion
  2390 | D:4      | Killed a scorpion
  2391 | D:4      | Reached XP level 5. HP: 47/47 MP: 4/4
  2454 | D:4      | Found an ancient bone altar of Kikubaaqudgha.
  2475 | D:4      | Noticed a black bear
  2483 | D:4      | Killed a black bear
  2484 | D:4      | Reached skill level 5 in Fighting
  2504 | D:4      | Reached XP level 6. HP: 47/56 MP: 5/5
  2603 | D:4      | Found a glowing silver altar of Zin.
  2991 | D:4      | Noticed Grinder
  2997 | D:4      | Paralysed by Grinder for 2 turns
  3006 | D:4      | Killed Grinder
  3007 | D:4      | Reached skill level 1 in Shields
  3007 | D:4      | Reached XP level 7. HP: 46/61 MP: 6/6
  3319 | D:5      | Entered Level 5 of the Dungeon
  3366 | D:5      | Reached *** piety under Trog
  3367 | D:5      | Reached skill level 5 in Armour
  3533 | D:5      | Found a bloodstained altar of Trog.
  3568 | D:5      | Found an opulent altar of Gozag.
  4212 | D:5      | Reached XP level 8. HP: 70/70 MP: 7/7
  4364 | D:5      | Noticed Eustachio
  4371 | D:5      | Killed Eustachio
  4687 | D:6      | Found a stormy altar of Qazlal.
  5050 | D:6      | Noticed Dowan
  5051 | D:6      | Noticed Duvessa
  5058 | D:6      | Reached XP level 9. HP: 75/78 MP: 8/8
  5073 | D:6      | Killed Duvessa
  5084 | D:6      | Killed Dowan
  5251 | D:6      | Found a staircase to the Ecumenical Temple.
  5443 | D:6      | Lost mutation: You have supernaturally acute eyesight.
                  | (SInv) [potion of mutation]
  5443 | D:6      | Lost mutation: You have sharp toenails. [potion of
                  | mutation]
  5443 | D:6      | Lost mutation: You occasionally shout uncontrollably at
                  | your foes. [potion of mutation]
  5695 | D:7      | Found a runed translucent door.
  5696 | D:7      | Noticed Crazy Yiuf
  5706 | D:7      | Killed Crazy Yiuf
  5862 | D:7      | Reached skill level 1 in Stealth
  5957 | D:7      | Found a flagged portal.
  5989 | Bailey   | Entered a bailey
  6023 | Bailey   | Reached skill level 5 in Shields
  6125 | Bailey   | Noticed an orc knight
  6145 | Bailey   | Mangled by an orc warrior

Illustrated notes

Levels and vault maps discovered:
D:1:      eino_arrival_water_cross, layout_basic
D:2:      layout_loops_ring
D:3:      layout_basic, ashenzari_conservatory_becter, hangedman_ru_absence,
          hex_tiny, uniq_jessica
D:4:      layout_basic, zin_statuary, lemuel_zombie_altar_kikubaaqudgha,
          serial_park_tiny_2, uniq_grinder
D:5:      layout_basic, jmf_multi_god_temple2, uniq_eustachio
D:6:      layout_basic, nicolae_qazlal_beasts_of_the_sky, temple_green,
          uniq_duvessa
D:7:      layout_basic, enter_bailey_4, uniq_crazy_yiuf_cottage
Bailey:   bailey_polearm_elven_captive_hellmonk, bailey

Skill      XL: |  1  2  3  4  5  6  7  8  9 |
---------------+----------------------------+-----
Maces & Flails | 4 5 6 7 8 9 |  9.3
Fighting       | 4 5 6 7 |  7.1
Armour         | 3 4 6 8 9 |  9.1
Dodging        | 3 4 |  4.2
Shields        | 1 3 4 5 |  5.0
Stealth        | 1 |  1.2

Action                     |  1- 3 |  4- 6 |  7- 9 || total
---------------------------+-------+-------+-------++-------
  Melee: Mace              |    58 |     6 |       ||    64
         Headbutt          |     8 |    18 |    59 ||    85
         Kick              |     3 |    28 |    55 ||    86
         Club              |       |    81 |   251 ||   332
         Punch             |       |       |     2 ||     2
 Invoke: Berserk           |       |       |     3 ||     3
         Trog's Hand       |       |       |     3 ||     3
    Use: Scroll            |     3 |       |     3 ||     6
         Potion            |     1 |       |     3 ||     4
   Stab: Distracted        |       |       |     1 ||     1
 Armour: Animal skin       |     9 |       |       ||     9
         Ring mail         |    14 |     2 |       ||    16
         Plate armour      |       |    56 |   217 ||   273
  Dodge: Dodged            |    42 |    18 |    86 ||   146
  Block: Other             |     5 |    12 |    54 ||    71
